 Dungeon Crawl Stone Soup version 0.31-a0-175-g9f7f995f2b (webtiles) character file.

Game seed: 17737814012980184087

2730 Geomchi the Insei (level 9, -1/141 HPs)
             Began as a White Draconian Transmuter on June 17, 2023.
             Was a Follower of Sif Muna.
             Slain by a wolf (5 damage)
             ... on level 1 of the Lair of Beasts.
             The game lasted 00:11:03 (7749 turns).

Geomchi the Insei (White Draconian Transmuter)      Turns: 7749, Time: 00:11:03

Health: -1/141     AC:  7    Str: 12    XL:     9   Next: 40%
Magic:  13/16      EV: 10    Int: 16    God:    Sif Muna [*.....]
Gold:   409        SH:  0    Dex: 14    Spells: 8/18 levels left

rFire   x .          .
                       - Unarmed
rCold   + + +        (shield currently unavailable)
rNeg    . . .        (body armour unavailable)
rPois   +            (helmet currently unavailable)
rElec   .            j - melded +0 cloak
rCorr   .            (gloves currently unavailable)
SInv    .            (boots currently unavailable)
Will    .....        l - amulet of faith Stlth
                     (no ring)
HPRegen 0.43/turn    (no ring)
MPRegen 0.15/turn

%: faith
@: berserking, ice-form, wereblooded, very quick
A: freezing attack, amphibious, boosted hp, (breathe frost), AC +7, large,
unfitting armour, (cold resistance 1), (cold-blooded)
a: End Transformation, Renounce Religion, Channel Magic


You were on level 1 of the Lair of Beasts.
You worshipped Sif Muna.
Sif Muna was aware of your devotion.
You were a creature of crystalline ice.
You visited 3 branches of the dungeon, and saw 10 of its levels.

You collected 429 gold pieces.
You spent 20 gold pieces at shops.

Inventory:

Missiles
 y - a throwing net
Armour
 j - a +0 cloak (melded)
Jewellery
 l - an amulet of faith (around neck)
 t - an amulet of reflection
Wands
 x - a wand of roots (12)
 z - a wand of light (4)
Scrolls
 a - 2 scrolls of blinking {unknown}
 c - 5 scrolls of fog {unknown}
 e - 4 scrolls of enchant armour {unknown}
 k - 4 scrolls of teleportation {unknown}
 n - a scroll of acquirement {unknown}
 o - a scroll of brand weapon {unknown}
 p - a scroll of revelation {unknown}
 r - a scroll of enchant weapon {unknown}
 u - a scroll of poison {unknown}
 v - 2 scrolls of vulnerability {unknown}
Potions
 b - 2 potions of might
 d - a potion of mutation
 f - 2 potions of haste
 g - 3 potions of enlightenment
 h - 2 potions of curing
 i - a potion of attraction
 m - a potion of ambrosia
 q - a potion of brilliance
 w - a potion of resistance


   Skills:
 + Level 7.3 Fighting
 - Level 1.8 Dodging
 + Level 7.6 Unarmed Combat
 - Level 5.0 Spellcasting
 + Level 6.9 Transmutations
 + Level 2.4 Ice Magic


You had 8 spell levels left.
You knew the following spells:

 Your Spells              Type           Power      Damage    Failure   Level
a - Beastly Appendage     Tmut           52%        N/A       1%          1
b - Wereblood             Tmut           26%        N/A       1%          2
d - Ice Form              Ice/Tmut       19%        N/A       22%         4
m - Spider Form           Tmut/Pois      15%        N/A       11%         3

Your spell library contained the following spells:

 Spells                   Type           Power      Damage    Failure   Level
 Kiss of Death            Conj/Necr      16%        2d6       16%         1
 Confusing Touch          Hex            4%         N/A       41%         3
 Dispel Undead            Necr           4%         3d7       83%         4


Dungeon Overview and Level Annotations

Branches:
Dungeon (8/15)             Temple (1/1) D:6            Lair (1/5) D:8

Altars:
Ashenzari
Cheibriados
Dithmenos
Elyvilon
Fedhas
Gozag
Hepliaklqana
Kikubaaqudgha
Makhleb
Nemelex Xobeh
Okawaru
Qazlal
Ru
Sif Muna
Trog
Uskayaw
Vehumet
Wu Jian
Xom
Zin
The Shining One

Shops:
D:1 ==[!   D:3 ?

Annotations:
D:6 exclusion: oklob sapling


Innate Abilities, Weirdness & Mutations

You are a creature of crystalline ice.
You have a powerful freezing melee attack.
You are amphibious.
Your maximum health is increased.
Your armour is entirely melded.
You are incapable of wielding weapons or throwing items.
((You can breathe waves of freezing cold which knock back foes.))
((Your icy white scales are hard. (AC +7)))
You cannot fit into any form of body armour.
((Your flesh is cold resistant. (rC+)))
((You are cold-blooded and may be slowed by cold attacks.))


Message History

You kill the wolf!
Sif Muna accepts your kill.
You can now call upon Sif Muna for magical energy.
A yak comes into view.
You closely miss the wolf. The wolf bites you but does no damage.
A yak comes into view.
The wolf barely misses you.
You closely miss the wolf. The wolf completely misses you.
The yak bellows!
You punch the yak! You freeze the yak.
You hear a bellow!
The wolf barely misses you. The yak gores you!
You take 10 damage, and have 31/94 hp.
You punch the yak! You freeze the yak. The wolf bites you.
* * * LOW HITPOINT WARNING * * *
The wolf bites you.
* * * LOW HITPOINT WARNING * * *
The yak gores you!
* * * LOW HITPOINT WARNING * * *
You are too injured to fight recklessly!
You take 24 damage, and have 7/94 hp.
MASSIVE DAMAGE!!
You are too injured to fight recklessly!
A red film seems to cover your vision as you go berserk!
You feel yourself moving faster!
You feel mighty! The wolf barely misses you.
You now have 11/141 hp.
You are too injured to fight recklessly!
You are too injured to fight recklessly!
You are too injured to fight recklessly!
You are too injured to fight recklessly!
You punch the yak! You freeze the yak.
The wolf bites you but does no damage. x2
You hit the wolf. You freeze the wolf.
A yak comes into view.
The yak gores you but does no damage. The wolf bites you!
* * * LOW HITPOINT WARNING * * *
You take 7 damage, and have 4/141 hp.
The yak bellows!
You punch the wolf! You freeze the wolf.
You howl as the wereblood boils in your veins!
The wolf bites you.
You die...

...#......#
..........# # .
..........# .#
............# ..
... #......##.#.#
.... #...........+
.....#.....<.....#
......###h.##.#.##
......YYhh.......
.#####Y##h#######
#. ### #Y #. .Y #.
..


You could see 4 yaks and 4 wolves.

Vanquished Creatures
  Grinder (D:3)
  Sigmund (D:2)
  Grum (D:8)
  2 water moccasins
  2 ice beasts
  An ogre (D:5)
  5 wolves
  2 centaurs
  Blork the orc (D:6)
  3 bullfrogs
  6 scorpions
  A howler monkey (D:5)
  3 jellies
  3 hounds
  Crazy Yiuf (D:2)
  A sleepcap (D:4)
  Jessica (D:2)
  2 iguanas (D:5)
  2 orc wizards
  Robin (D:3)
  3 adders
  2 white imps (D:6)
  A worm (D:2)
  A dart slug (D:1)
  15 orcs
  8 endoplasms
  4 giant cockroaches
  13 goblins
  9 hobgoblins
  6 jackals
  10 kobolds
  4 quokkas
  11 ball pythons
  4 bats
  8 frilled lizards
  6 rats
145 creatures vanquished.

Notes
Turn   | Place    | Note
-------+----------+-------------------------------------------
     0 | D:1      | Geomchi the Draconian Transmuter began the quest for the
                  | Orb.
     0 | D:1      | Reached XP level 1. HP: 16/16 MP: 3/3
    55 | D:1      | Reached XP level 2. HP: 14/23 MP: 5/5
    58 | D:1      | Learned a level 2 spell: Wereblood
   134 | D:1      | Found Gyapnubla's Jewellery Boutique.
   149 | D:1      | Found Irajaab's Jewellery Shop.
   686 | D:1      | Found Mazivuse's Distillery.
   694 | D:1      | Reached XP level 3. HP: 28/28 MP: 4/6
   745 | D:1      | Found Vuqesin's Armour Shoppe.
  1037 | D:2      | Noticed Sigmund
  1062 | D:2      | Killed Sigmund
  1063 | D:2      | Reached XP level 4. HP: 17/38 MP: 5/7
  1063 | D:2      | Reached XP level 5. HP: 20/45 MP: 5/8
  1381 | D:2      | Noticed Jessica
  1386 | D:2      | Killed Jessica
  1576 | D:2      | Found a runed translucent door.
  1577 | D:2      | Noticed Crazy Yiuf
  1721 | D:2      | Killed Crazy Yiuf
  1722 | D:2      | Reached XP level 6. HP: 44/51 MP: 6/9
  1866 | D:3      | Found a glowing golden altar of the Shining One.
  1872 | D:3      | Found Faesibb's Magic Scroll Shoppe.
  1909 | D:3      | Bought a scroll of identify for 20 gold pieces
  2032 | D:3      | Noticed Grinder
  2044 | D:3      | Paralysed by Grinder for 4 turns
  2056 | D:3      | Killed Grinder
  2057 | D:3      | Reached skill level 5 in Unarmed Combat
  2065 | D:3      | Learned a level 3 spell: Spider Form
  2294 | D:3      | Noticed Robin
  2316 | D:3      | Your scales start taking on an icy white colour.
  2316 | D:3      | Reached XP level 7. HP: 36/60 MP: 2/10
  2316 | D:3      | Gained mutation: Your flesh is cold resistant. (rC+) [White
                  | Draconian growth]
  2428 | D:3      | Killed Robin
  2729 | D:3      | Found a hazy altar of Hepliaklqana.
  2738 | D:3      | Found a sparkling altar of Nemelex Xobeh.
  3392 | D:4      | Found a sacrificial altar of Ru.
  3594 | D:5      | Entered Level 5 of the Dungeon
  3602 | D:5      | Reached skill level 5 in Fighting
  3680 | D:5      | Reached skill level 5 in Transmutations
  3888 | D:5      | Reached XP level 8. HP: 65/69 MP: 8/12
  4589 | D:6      | Noticed Blork the orc
  4601 | D:6      | Killed Blork the orc
  4875 | D:6      | Identified the +1 sling "Qubba" {elec, Will++ Str-4}
  5139 | D:6      | Found a staircase to the Ecumenical Temple.
  5445 | Temple   | Entered the Ecumenical Temple
  5748 | Temple   | Became a worshipper of Sif Muna the Loreminder
  6817 | D:8      | Reached XP level 9. HP: 51/78 MP: 12/15
  6929 | D:8      | Learned a level 4 spell: Ice Form
  7084 | D:8      | Noticed Grum
  7093 | D:8      | Reached skill level 1 in Ice Magic
  7107 | D:8      | Killed Grum
  7114 | D:8      | HP: 3/79 [wolf[Grum] (6)]
  7120 | D:8      | Reached skill level 5 in Spellcasting
  7373 | D:8      | Found a staircase to the Lair.
  7724 | Lair:1   | Entered Level 1 of the Lair of Beasts
  7741 | Lair:1   | Reached * piety under Sif Muna
  7748 | Lair:1   | HP: 4/141 [wolf (8)]
  7749 | Lair:1   | Slain by a wolf

Illustrated notes

Levels and vault maps discovered:
D:1:      nicolae_arrival_washed_ashore, layout_loops_ring, serial_shops,
          nicolae_shop_rolling_square, shop, shop, shop, minmay_fountain_box
D:2:      layout_loops_ring, moated_statue, uniq_sigmund, uniq_jessica,
          uniq_crazy_yiuf_cottage
D:3:      layout_rooms, mainiacjoe_overflow_swirl, mainiacjoe_overflow_catwalk,
          serial_shops, shop, grunt_decor_mini_mirrors,
          chequers_serial_rivers_room_a, minmay_misc_feat_four_crosses,
          uniq_grinder, uniq_robin
D:4:      layout_rooms, old_standard_altar, kennysheep_minor_cross
D:5:      layout_basic
D:6:      layout_gridville, minmay_temple_entry_oklob, uniq_blork_the_orc
D:7:      layout_rooms
D:8:      layout_basic, lair_entry_dummy, uniq_grum
Temple:   bh_familiar_temple
Lair:1:   layout_chaotic_city, infiniplex_staircase_pool

Skill      XL: |  1  2  3  4  5  6  7  8  9 |
---------------+----------------------------+-----
Fighting       | 3 4 5 6 7 |  7.3
Unarmed Combat | 4 5 6 7 |  7.6
Transmutations | 3 4 5 6 |  6.9
Spellcasting   | 3 4 5 |  5.0
Ice Magic      | 2 |  2.4
Dodging        | |  1.8

Action                     |  1- 3 |  4- 6 |  7- 9 || total
---------------------------+-------+-------+-------++-------
  Melee: Unarmed           |    93 |    96 |   266 ||   455
         Kick              |    11 |    13 |     5 ||    29
         Tailslap          |     7 |     6 |    11 ||    24
         Headbutt          |     9 |     8 |     3 ||    20
         Punch             |       |     1 |     1 ||     2
   Cast: Beastly Appendage |    15 |    13 |    11 ||    39
         Wereblood         |     2 |     4 |    10 ||    16
         Spider Form       |       |     2 |    34 ||    36
         Ice Form          |       |       |     1 ||     1
    Use: Scroll            |       |     2 |     8 ||    10
         Potion            |       |       |     6 ||     6
   Stab: Sleeping          |       |       |     2 ||     2
 Armour: Skin              |    27 |    25 |    48 ||   100
  Dodge: Dodged            |    53 |    78 |   226 ||   357

Table legend: (Time is in decaauts)
 A = Elapsed time spent in this place.
 B = Non-inter-level travel time spent in this place.
 C = Inter-level travel time spent in this place.
 D = Time resting spent in this place.
 E = Time spent auto-exploring this place.
 F = Levels seen in this place.
 G = Mean time per level.
                   A        B        C        D        E       F      G
               +--------+--------+--------+--------+--------+-----+--------+
         Total |   7703 |   7470 |    233 |    405 |   5912 |  10 |  770.3 |
       Dungeon |   7358 |   7167 |    191 |    405 |   5641 |   8 |  919.8 |
        Temple |    322 |    280 |     42 |      0 |    271 |   1 |  322.0 |
          Lair |     22 |     22 |      0 |      0 |      0 |   1 |   22.0 |
               +--------+--------+--------+--------+--------+-----+--------+

Top non-repeatable levels by time:
     D:6: 1167 daAuts
     D:2: 1043 daAuts
     D:8: 996 daAuts
     D:1: 896 daAuts
     D:5: 863 daAuts
     D:3: 854 daAuts
     D:4: 779 daAuts
     D:7: 755 daAuts
  Temple: 322 daAuts
  Lair:1: 22 daAuts
